 Dungeon Crawl Stone Soup version 0.28.0-43-g3370ac3207 (webtiles) character file.

Game seed: 3341340874232856216

30 Peloso the Covered (level 3, -1/33 HPs)
             Began as a Minotaur Fighter on Mar 1, 2022.
             Slain by a gnoll shaman
             ... wielding a +0 whip
              (7 damage)
             ... on level 1 of the Dungeon.
             The game lasted 00:01:08 (1097 turns).

Peloso the Covered (Minotaur Fighter)               Turns: 1097, Time: 00:01:08

Health: -1/33      AC:  7    Str: 20    XL:     3   Next: 3%
Magic:  2/2        EV:  9    Int:  5    God:
Gold:   62         SH:  4    Dex: 11    Spells: 2/2 levels left

rFire   . . .      SeeInvis .   a - +0 long sword
rCold   . . .      Faith    .   c - +0 buckler
rNeg    . . .      Spirit   .   b - +0 scale mail
rPois   .          Reflect  .   (helmet restricted)
rElec   .          Harm     .   (no cloak)
rCorr   .          Rampage  .   (no gloves)
Will    .....                   (no boots)
Stlth   ..........              (no amulet)
HPRegen 0.11/turn               (no ring)
MPRegen 0.08/turn               (no ring)

@: no status effects
A: horns 2, retaliatory headbutt
a: no special abilities


You were on level 1 of the Dungeon.
You visited 1 branch of the dungeon, and saw 2 of its levels.

You collected 62 gold pieces.

Inventory:

Hand Weapons
 a - a +0 long sword (weapon)
Armour
 b - a +0 scale mail (worn)
 c - a +0 buckler (worn)
Scrolls
 f - 2 scrolls of identify {unknown}
 h - a scroll of enchant weapon {unknown}
 i - 2 scrolls of torment {unknown}
Potions
 d - a potion of might
 e - a potion of attraction {unknown}
 g - a potion of curing {unknown}
 j - a potion of degeneration {unknown}


   Skills:
 + Level 4.0 Fighting
 + Level 2.8 Long Blades
 + Level 4.1 Armour
 + Level 4.0 Shields


You had 2 spell levels left.
You didn't know any spells.
Your spell library was empty.

Dungeon Overview and Level Annotations

Branches:
Dungeon (2/15)

Altars:


Innate Abilities, Weirdness & Mutations

You have a pair of horns on your head.
You reflexively headbutt those who attack you in melee.


Message History

The gnoll hits you with a +0 club.
The gnoll hits you from afar with a +0 spear.
The gnoll shaman closely misses you. You furiously retaliate!
You headbutt the gnoll shaman.
Unknown command.
The gnoll barely misses you.
You closely miss the gnoll.
The gnoll is almost dead.
The gnoll hits you but does no damage.
You hit the gnoll.
You kill the gnoll!
You have reached level 3!
Your experience leads to an increase in your attributes!
Increase (S)trength, (I)ntelligence, or (D)exterity?
You feel agile. x2
There is a stone staircase leading up here.
You climb upwards.
There is a stone staircase leading down here.
You start resting.
HP restored.
You climb downwards.
The gnoll shaman hits you with a +0 whip!
The gnoll barely misses you.
The gnoll shaman hits you with a +0 whip!
The gnoll barely misses you.
There is a stone staircase leading up here.
Unknown command.
The gnoll shaman hits you with a +0 whip.
The gnoll hits you but does no damage.
You climb upwards.
There is a stone staircase leading down here.
You slash the gnoll shaman!
The gnoll shaman is moderately wounded.
The gnoll shaman hits you with a +0 whip.
* * * LOW HITPOINT WARNING * * *
You completely miss the gnoll shaman.
You headbutt the gnoll shaman, but do no damage.
The gnoll shaman is moderately wounded.
The gnoll shaman hits you with a +0 whip!
You die...

#..........# ####.#.###.###.#
#..........# #..........# #.#
#..........# #.##.#.##### #.#
#..........# #.##.#.....# #.#
...........# #.##.#####.###.#
...........# ####.##.# #......#
..########## #.......# #......#
#.############.###.### #.####.#
................@g.# #....#.#
#'############.##### ####.#.#
.......# #.# ###### #.#.#
.......# #.# #....###.#.#
.......##############'##...#.#.#
..........#...†........#...)...#
#+#######.'............#.#.#.###
..# ###..≈≈§≈≈§≈≈..#.#.#...# ###
#.§≈.....§§..#.#.#.#.#


You could see a gnoll shaman.

Vanquished Creatures
  A gnoll (D:2)
  A dart slug (D:1)
  A bat (D:1)
  An endoplasm (D:1)
  A giant cockroach (D:1)
  2 goblins (D:1)
  3 hobgoblins (D:1)
  A quokka (D:1)
  2 ball pythons (D:1)
  A frilled lizard (D:1)
  2 kobolds (D:1)
  2 rats (D:1)
18 creatures vanquished.

Notes
Turn   | Place    | Note
-------+----------+-------------------------------------------
     0 | D:1      | Peloso the Minotaur Fighter began the quest for the Orb.
     0 | D:1      | Reached XP level 1. HP: 19/19 MP: 0/0
   372 | D:1      | Reached XP level 2. HP: 27/27 MP: 1/1
   982 | D:2      | Reached XP level 3. HP: 20/33 MP: 2/2
  1097 | D:1      | Slain by a gnoll shaman

Illustrated notes

Levels and vault maps discovered:
D:1:      saegor_arrival_simple_e, layout_basic, kennysheep_small_spiral,
          lemuel_old_faithful
D:2:      minmay_skewed_foursquare, layout_loops_ring,
          hellmonk_ecumenical_altar_watching_god

Skill      XL: |  1  2 |
---------------+-------+-----
Armour         | 4 |  4.1
Shields        | 4 |  4.0
Fighting       | 4 |  4.0
Long Blades    | |  2.8

Action                   || total
-------------------------++-------
Melee: Long sword        ||    34
       Headbutt          ||     3
Armor: Scale mail        ||    16
Dodge: Dodged            ||    16
Block: Buckler           ||     5
